 Dungeon Sprint DCSS version 0.27.1-1-g398f81649c (webtiles) character file.

Game seed: 6915877706369545775

350 styxcanada the Protected (level 6, -3/56 (61) HPs)
             Began as a Minotaur Fighter on Sept 10, 2021.
             Was an Initiate of Gozag.
             Slain by a wight (5 damage)
             ... in the Dungeon (Sprint VII: "The Pits").
             The game lasted 00:03:15 (924 turns).

styxcanada the Protected (Minotaur Fighter)          Turns: 924, Time: 00:03:17

HP:   -3/56 (61)    AC: 14    Str: 23    XL:     6   Next: 34%
MP:   5/5           EV:  8    Int:  5    God:    Gozag
Gold: 549           SH: 10    Dex:  9    Spells: 5/5 levels left

rFire    . . .     SeeInvis .   m - +1 long sword (flame)
rCold    . . .     Faith    .   c - +0 kite shield
rNeg     . . .     Spirit   .   e - +3 chain mail
rPois    .         Reflect  .   (helmet restricted)
rElec    .         Harm     .   (no cloak)
rCorr    .         Rampage  .   (no gloves)
Will     .....     NoTele   +   (no boots)
Stlth    ..........             (no amulet)
HPRegen  0.18/turn              (no ring)
MPRegen  0.09/turn              (no ring)

@: mighty, gold aura, drained
A: horns 2, retaliatory headbutt
a: Renounce Religion, Potion Petition, Call Merchant, Bribe Branch


You were in the Dungeon.
You worshipped Gozag.
Gozag was pleased with you.
You visited 1 branch You collected 549 gold pieces.

Inventory:

Hand Weapons
 a - a +0 war axe
 m - a +1 long sword of flaming (weapon)
 n - a +0 dagger of draining
Missiles
 l - 10 stones (quivered)
Armour
 c - a +0 kite shield (worn)
 e - a +3 chain mail (worn)
Scrolls
 j - a scroll of blinking
Potions
 b - 4 potions of curing
 f - 6 potions of heal wounds
 g - a potion of haste
 h - 4 potions of magic
 i - 2 potions of berserk rage
 k - 2 potions of invisibility


   Skills:
 * Level 8.1 Fighting
 + Level 2.4 Long Blades
 + Level 7.6 Axes
 * Level 10.3 Armour
 + Level 3.7 Dodging
 + Level 6.9 Shields


You had 5 spell levels left.
You didn't know any spells.
Your spell library was empty.

Dungeon Overview and Level Annotations

Branches:
Dungeon (1/1)

Altars:
Ashenzari
Cheibriados
Dithmenos
Elyvilon
Fedhas
Gozag
Hepliaklqana
Kikubaaqudgha
Makhleb
Nemelex Xobeh
Okawaru
Qazlal
Ru
Sif Muna
Trog
Uskayaw
Vehumet
Wu Jian
Xom
Yredelemnul
Zin
The Shining One
Beogh
Jiyva
Lugonu


Innate Abilities, Weirdness & Mutations

You have a pair of horns on your head.
You reflexively headbutt those who attack you in melee.


Message History

You closely miss the wight.
The wight is moderately damaged.
You block the wight's attack.
You slash the wight! You burn the wight.
You destroy the wight!
The wight barely misses you. You furiously retaliate!
You headbutt the wight!
You riposte.
You barely miss the wight.
The wight is heavily damaged.
Your Fighting skill increases to level 8!
Your Long Blades skill increases to level 2!
Your Armour skill increases to level 10!
You barely miss the wight. You headbutt the wight!
You destroy the wight!
You block the wight's attack.
The wight hits you from afar with a +0 halberd!
You feel drained.
Your life force feels restored.
The wight hits you with a +0 halberd.
You feel drained.
Items here: $ )) [[.
You slash the wight! You burn the wight. Your headbutt misses the wight.
The wight is almost destroyed.
The wight hits you with a +0 halberd.
You closely miss the wight. Your headbutt misses the wight.
The wight is almost destroyed.
You block the wight's attack.
You closely miss the wight.
The wight is almost destroyed.
The wight hits you with a +0 halberd. You block the wight's attack.
You hit the wight but do no damage.
The wight is almost destroyed.
The wight hits you with a +0 halberd.
You feel drained.
You barely miss the wight.
The wight is almost destroyed.
The wight hits you with a +0 halberd!
* * * LOW HITPOINT WARNING * * *
You feel drained.
* * * LOW HITPOINT WARNING * * *
The wight hits you with a +0 halberd.
You die...
Your body crumbles into a pile of gold.

#...........'.....
#'#####'#####.....
#.#.....#..##.....
#.#.....#))#####'#
#.###'###).##.....
#.#.)...#).##.....
#.#.....#[[##.....
#$####'##'###...<.
#@#...)....##.....
#z#........##.....
#J###########.....
#..# ###### #....
##.#z# .....
.#.#J# ... ..#


You could see a jelly and a wight.

Vanquished Creatures
  A warg (D)
  A necrophage (D)
  3 wights (D)
  An adder (D)
  A gnoll (D)
  2 ufetubi (D)
  An orc (D)
  A bat skeleton (D)
  A giant cockroach (D)
  A rat (D)
13 creatures vanquished.

Notes
Turn   | Place    | Note
-------+----------+-------------------------------------------
     0 | D        | styxcanada the Minotaur Fighter began the quest for the
                  | Orb.
     0 | D        | Reached XP level 1. HP: 19/19 MP: 0/0
    14 | D        | Found a bloodstained altar of Trog.
    14 | D        | Found a shimmering blue altar of Sif Muna.
    14 | D        | Found a viscous altar of Jiyva.
    14 | D        | Found a hazy altar of Hepliaklqana.
    14 | D        | Found an opulent altar of Gozag.
    15 | D        | Found a glowing golden altar of the Shining One.
    15 | D        | Found a glowing silver altar of Zin.
    15 | D        | Found a basalt altar of Yredelemnul.
    15 | D        | Found a shimmering altar of Xom.
    15 | D        | Found an ornate altar of the Wu Jian Council.
    15 | D        | Found a sacrificial altar of Ru.
    15 | D        | Found a stormy altar of Qazlal.
    15 | D        | Found an iron altar of Okawaru.
    15 | D        | Found a sparkling altar of Nemelex Xobeh.
    15 | D        | Found a burning altar of Makhleb.
    15 | D        | Found a blossoming altar of Fedhas.
    15 | D        | Found a white marble altar of Elyvilon.
    15 | D        | Found a shadowy altar of Dithmenos.
    15 | D        | Found a snail-covered altar of Cheibriados.
    16 | D        | Found a radiant altar of Vehumet.
    16 | D        | Found a corrupted altar of Lugonu.
    17 | D        | Found an ancient bone altar of Kikubaaqudgha.
    17 | D        | Found a hide-covered altar of Uskayaw.
    17 | D        | Found a broken altar of Ashenzari.
    19 | D        | Became a worshipper of Gozag Ym Sagoz the Greedy
    46 | D        | Reached skill level 4 in Armour
   162 | D        | Reached XP level 2. HP: 5/28 MP: 1/1
   170 | D        | Reached skill level 5 in Fighting
   170 | D        | Reached skill level 5 in Armour
   564 | D        | Noticed a warg
   574 | D        | Reached XP level 3. HP: 21/36 MP: 2/2
   577 | D        | Killed a warg
   578 | D        | Reached skill level 5 in Axes
   578 | D        | Reached skill level 8 in Armour
   578 | D        | Reached skill level 5 in Shields
   578 | D        | Reached XP level 4. HP: 8/45 MP: 3/3
   578 | D        | Reached XP level 5. HP: 10/51 MP: 4/4
   896 | D        | Noticed a necrophage
   906 | D        | Killed a necrophage
   907 | D        | Reached skill level 1 in Long Blades
   907 | D        | Reached skill level 9 in Armour
   913 | D        | Reached XP level 6. HP: 41/61 MP: 5/5
   918 | D        | Reached skill level 10 in Armour
   924 | D        | HP: 2/56 [wight (6)]
   924 | D        | Slain by a wight

Illustrated notes

Levels and vault maps discovered:
D:        pitsprint [storerooms_1, entrance_room_1, metal_vault_4, armoury_2,
          mini_pit_1, grid_room_1, main_hall_1, silver_pit, the_coven_2,
          the_vestibule_1, steel_vault_3, golden_pit, hallway_of_sentries,
          crystal_vault_6, iron_vault_2, final_vault]

Skill      XL: |  1  2  3  4  5  6 |
---------------+-------------------+-----
Fighting       | 4 5 6 7 8 |  8.1
Armour         | 4 5 8 9 10 | 10.3
Shields        | 4 5 6 |  6.9
Axes           | 3 5 7 |  7.6
Dodging        | 2 3 |  3.7
Long Blades    | 1 2 |  2.4

Action                   |  1- 3 |  4- 6 || total
-------------------------+-------+-------++-------
Melee: War axe           |    28 |       ||    28
       Headbutt          |     2 |     4 ||     6
       Long sword        |       |    19 ||    19
  Use: Potion            |     2 |     2 ||     4
Armor: Scale mail        |    42 |       ||    42
       Chain mail        |       |    10 ||    10
Dodge: Dodged            |    33 |     8 ||    41
Block: Kite shield       |    37 |     8 ||    45
       Rpst.: Long sword |       |     2 ||     2
